Cogmind - Beta 17 @@@ ROGUE MODE // 2026.07.13 @ 08:34:26 Player: hlbuns Result: Destroyed by HH-7NB(g) with Beamcaster Performance ------------- Evolutions (0) 0 Regions Visited (3) 600 Robots Destroyed (20) 100 Value Destroyed (575) 575 Prototype IDs (0) 0 Alien Tech Used (0) 0 Bonus (-81) -81 TOTAL SCORE: 1194 Bonus ------- Follower Combat Kills 69 Friendly Fire -150 Cogmind --------- Core Integrity 0/250 Matter 283/300 Energy 396/400 System Corruption 3% Temperature Cool (11) Movement Walking (120) Location -10/Subcaves Parts ------- > --- POWER (1) -------- Ion Engine > --- PROPULSION (2) --- Aluminum Leg Aluminum Leg > --- UTILITY (2) ------ Small Storage Unit Medium Battery > --- WEAPON (2) ------- Beam Rifle Light Cannon > --- INVENTORY (8) ---- Aluminum Leg Heat Sink Improved Targeting Computer Scrap Shield Beam Rifle Bore Cannon Grenade Launcher Peak State ------------ > --- POWER ------------ Light Ion Engine > --- PROPULSION ------- Aluminum Leg Aluminum Leg > --- UTILITY ---------- Small Storage Unit Medium Battery > --- WEAPON ----------- Beam Rifle Shotgun > --- INVENTORY -------- Ion Engine Light Nuclear Core Aluminum Leg Small Storage Unit Beam Rifle Shotgun Light Cannon Grenade Launcher [Rating: 10] Favorites ----------- Power Light Ion Engine Engine Light Ion Engine Propulsion Aluminum Leg Leg Aluminum Leg Utility Small Storage Unit Storage Small Storage Unit Weapon Beam Rifle Energy Gun Beam Rifle Ballistic Gun Shotgun Ballistic Cannon Light Cannon Launcher Grenade Launcher Build | -11 -10 -10 -10 ------- Run | Yrd Mat Min Sub Slots Evolved . | . . . . Power . | . . . . Propulsion . | . . . . Utility . | . . . . Weapon . | . . . . Parts Attached 14 | 6 3 3 2 Power 2 | 1 . 1 . Engine 2 | 1 . 1 . Core . | . . . . Reactor . | . . . . Propulsion 3 | 2 . 1 . Treads . | . . . . Leg 3 | 2 . 1 . Wheel . | . . . . Hover . | . . . . Flight . | . . . . Utility 2 | 1 1 . . Device . | . . . . Storage 2 | 1 1 . . Processor . | . . . . Hackware . | . . . . Protection . | . . . . Artifact . | . . . . Weapon 7 | 2 2 1 2 Energy Gun 3 | 1 1 . 1 Energy Cannon . | . . . . Ballistic Gun 2 | 1 1 . . Ballistic Cannon 1 | . . 1 . Launcher 1 | . . . 1 Special Weapon . | . . . . Impact Weapon . | . . . . Slashing Weapon . | . . . . Piercing Weapon . | . . . . Special Melee Weapon . | . . . . Unidentified Prototypes . | . . . . Parts Lost 1 | . . 1 . Power 1 | . . 1 . Propulsion . | . . . . Utility . | . . . . Weapon . | . . . . Highest Loss Streak 1 | . . 1 . To Critical Strikes . | . . . . Average Backups 6 | . 6 7 7 Power . | . 1 . . Propulsion 1 | . . 2 1 Utility 2 | . 1 2 3 Weapon 2 | . 3 2 2 Tool/Special . | . . . . Unused Backups 14 | . 5 3 6 Power 2 | . 2 . . Propulsion 4 | . . 3 1 Utility 5 | . 1 . 4 Weapon 3 | . 2 . 1 Tool/Special . | . . . . Average Slot Usage (%) 96 | . 91 99 100 Engine 13 | . 14 13 14 Leg 28 | . 28 28 28 Storage 25 | . 19 28 28 Energy Gun 14 | . 14 14 14 Ballistic Gun 5 | . 14 . . Ballistic Cannon 8 | . . 13 13 Peak Build Rating 10 | 6 10 10 9 Average Rating 8 | 4 8 9 8 On Entrance 6 | . 6 10 9 Avg Prop Armor Cover (%) . | . . . . Naked Turns . | . . . . Heaviest Build 18 | 12 16 18 18 Greatest Support 20 | 20 20 20 20 Greatest Overweight (x) 2 | 2 . . . Average Overweight (x) . | . . . . Largest Inventory Capacity 8 | 8 8 8 8 Average Capacity 7 | 7 8 8 8 Most Carried 8 | 2 8 8 8 Average Carried 7 | . 6 7 7 Final Capacity 8 | 8 8 8 8 Final Carried 8 | 2 8 7 8 Class Distribution -------------------- 100% | Mutant Dominant Class ---------------- Mutant | -10/Materials Mutant | -10/Mines Mutant | -10/Subcaves Resources | -11 -10 -10 -10 ----------- Run | Yrd Mat Min Sub Matter Collected 606 | 223 167 138 78 Remotely . | . . . . Salvage Created 709 | . 270 248 191 Parts 33 | . 8 13 12 Haulers Intercepted . | . . . . Recyclers Shooed . | . . . . Parts Field Recycled . | . . . . Retrieved Matter . | . . . . Parts Self-Destructed 6 | . . . 6 Prevented . | . . . . Parts Restored . | . . . . Kills | -11 -10 -10 -10 ------- Run | Yrd Mat Min Sub Combat Hostiles Destroyed 17 | . 9 4 4 Guns 11 | . 9 2 . Cannons 2 | . . 2 . AOE 4 | . . . 4 Classes Destroyed 5 | . 2 2 1 Worker 1 | . . 1 . Recycler 1 | . . 1 . Swarmer 4 | . 3 1 . Grunt 9 | . 6 3 . Subdweller 4 | . . . 4 Thug 1 | . . . 1 Best Kill Streak 4 | . 3 3 4 Combat Bots Only 4 | . 3 1 4 Max Kills in Single Turn 2 | . 2 1 2 Gunslinging 1 | . 1 . . Exploded 2 | . . . 2 Melee . | . . . . Uniques/NPCs Destroyed . | . . . . Combat | -11 -10 -10 -10 -------- Run | Yrd Mat Min Sub Hostile Shots Fired 74 | . 35 28 11 Missed 29 | . 13 10 6 Hits 45 | . 22 18 5 Projectile 45 | . 22 18 5 AOE 1 | . . . 1 Critical Strikes 3 | . 2 1 . Damage Taken 733 | . 279 267 187 Core 261 | . 109 91 61 Absorbed by Shields . | . . . . Core Remaining (%) 100 | 100 . . . Volleys Fired 48 | . 26 18 4 Largest 2 | . 2 2 2 Hottest 86 | . 79 86 86 Shots Fired 92 | . 49 35 8 Gun 70 | . 49 17 4 Cannon 19 | . . 18 1 Launcher 3 | . . . 3 Special . | . . . . Kinetic 42 | . 23 18 1 Thermal 47 | . 26 17 4 Explosive 3 | . . . 3 Electromagnetic . | . . . . Robot Hit Streak 9 | . 8 4 9 Robot Miss Streak 5 | . 3 5 . Penetration Max . | . . . . Secondary Targets 1 | . 1 . . Max Gunslinging Chain 1 | . 1 . . Shots Hit Robots 56 | . 35 13 8 Core Hits 41 | . 16 10 15 Critical Kills . | . . . . Critical Parts Destroyed . | . . . . Critical Strikes 5 | . 3 2 . Burn 4 | . 3 1 . Blast 1 | . . 1 . Melee Attacks . | . . . . Impact . | . . . . Slashing . | . . . . Piercing . | . . . . Sneak Attacks . | . . . . Combat Hostiles . | . . . . Follow-up Attacks . | . . . . Damage Inflicted 1495 | . 531 262 702 Guns 697 | . 522 118 57 Cannons 163 | . . 144 19 Explosions 626 | . . . 626 Melee . | . . . . Ramming 9 | . 9 . . Kinetic 408 | . 245 144 19 Thermal 452 | . 277 118 57 Explosive 626 | . . . 626 Electromagnetic . | . . . . Impact . | . . . . Slashing . | . . . . Piercing . | . . . . Highest Corruption 3 | . 3 3 3 Average Corruption 2 | . 2 3 3 Corruption Purged . | . . . . Corruption Blocked . | . . . . Effects 38 | . 5 19 14 Message Errors 9 | . 1 3 5 Matter Fused 11 | . 3 5 3 Heat Flow Errors 8 | . 1 3 4 Energy Discharges 5 | . . 4 1 Data Loss (minor) 1 | . . . 1 Data Loss (major) 1 | . . 1 . Alerts 2 | . . 2 . Weapon Failures 1 | . . 1 . Overload Shots . | . . . . Overflow Damage . | . . . . Projectiles . | . . . . Explosions . | . . . . Melee . | . . . . Knockbacks 3 | . . 3 . Impact . | . . . . Kinetic 3 | . . 3 . Secondary . | . . . . Self-Inflicted Damage . | . . . . Shots . | . . . . Rammed . | . . . . Targets Rammed 2 | . 2 . . Kicked 2 | . 2 . . Crushed . | . . . . Highest Temperature 241 | . 239 241 239 Average Temperature 78 | . 73 79 96 Received Heat Transfer 294 | . 153 114 27 Siege Activations . | . . . . Martial Activations . | . . . . Shielding Activations . | . . . . Robots Disrupted . | . . . . Combat Hostiles . | . . . . Robots Corrupted . | . . . . Combat Hostiles . | . . . . Parts Fried . | . . . . Impact Corruptions . | . . . . Robots Melted . | . . . . Combat Hostiles . | . . . . Parts Melted 4 | . 2 2 . Heat Transferred 1443 | . 925 370 148 Parts Sabotaged . | . . . . Parts Stolen . | . . . . Parts Stripped . | . . . . Power Chain Reactions . | . . . . Alert | -11 -10 -10 -10 ------- Run | Yrd Mat Min Sub Maximum Alert Level . | . . . . Low Security (%) 100 | 100 100 100 . Level 1 . | . . . . Level 2 . | . . . . Level 3 . | . . . . Level 4 . | . . . . Level 5 . | . . . . High Security . | . . . . Max Security . | . . . . Peak Influence 83 | . 80 83 . Initial 3 | . . 3 . Average 24 | . 28 22 . Influence Increases 459 | . 250 209 . Destroy 0b10 Robot/C 320 | . 180 140 . Destroy 0b10 Robot/NC 10 | . . 10 . Destroy Leader 70 | . 40 30 . Allied During Kill 14 | . . 14 . Disable Machine 15 | . . 15 . Lose Combat Pursuer 30 | . 30 . . Influence Decreases 459 | . 240 204 15 Entered New Map 15 | . . 7 8 Time Decay 443 | . 240 196 7 Lost Part 1 | . . 1 . Squads Dispatched 4 | . 4 . . Investigation 2 | . 2 . . Extermination . | . . . . Reinforcement 2 | . 2 . . Assault . | . . . . Garrison . | . . . . Intercept . | . . . . Searches Triggered . | . . . . Construction Impeded . | . . . . Haulers Reinforced . | . . . . Active Scanning Responses . | . . . . Cargo Convoy Interrupts . | . . . . Stealth | -11 -10 -10 -10 --------- Run | Yrd Mat Min Sub Distress Signals 1 | . 1 . . Communications Jammed . | . . . . Distress Signals . | . . . . Times Spotted 36 | . 19 7 10 Peak Tracking Total 5 | . 5 3 5 Tactical Retreats 2 | . 2 . . Traps | -11 -10 -10 -10 ------- Run | Yrd Mat Min Sub Traps Triggered 4 | . 4 . . Indirectly . | . . . . Trap Hack Attempts . | . . . . Triggered . | . . . . Disarmed . | . . . . Reprogrammed . | . . . . Reused . | . . . . Traps Extracted . | . . . . Installed . | . . . . Triggered . | . . . . Machines | -11 -10 -10 -10 ---------- Run | Yrd Mat Min Sub Machines Disabled 1 | . . 1 . Max in Single Turn 1 | . . 1 . Machines Repaired . | . . . . Machines Dismantled . | . . . . Machines Sabotaged . | . . . . Overloaded Fab Kills . | . . . . Hacking | -11 -10 -10 -10 --------- Run | Yrd Mat Min Sub Machines Accessed 3 | . 2 . 1 Terminals 2 | . 2 . . Fabricators . | . . . . Repair Stations . | . . . . Recycling Units . | . . . . Scanalyzers . | . . . . Garrison Access . | . . . . Total Hacks 8 | . 5 . 3 Successful 5 | . 2 . 3 Failed 3 | . 3 . . Catastrophic . | . . . . Database Lockouts . | . . . . Manual 5 | . 5 . . Terminals 5 | . 5 . . Fabricators . | . . . . Repair Stations . | . . . . Recycling Units . | . . . . Scanalyzers . | . . . . Garrison Access . | . . . . Terminal Hacks 5 | . 2 . 3 Record 3 | . . . 3 Branch Access Points 1 | . 1 . . Zone Layout 1 | . 1 . . Fabricator Hacks . | . . . . Repair Station Hacks . | . . . . Recycling Unit Hacks . | . . . . Scanalyzer . | . . . . Garrison Access Hacks . | . . . . Unauthorized Hacks . | . . . . Terminals . | . . . . Fabricators . | . . . . Repair Stations . | . . . . Recycling Units . | . . . . Scanalyzers . | . . . . Garrison Access . | . . . . Data Cores Recovered . | . . . . Used . | . . . . Hacking Detections 2 | . 2 . . Full Trace Events 1 | . 1 . . Feedback Events . | . . . . Feedback Blocked . | . . . . Robot Schematics Acquired . | . . . . Robots Built . | . . . . Authchips . | . . . . Time . | . . . . Total Robot Build Rating . | . . . . Part Schematics Acquired . | . . . . Parts Built . | . . . . Authchips . | . . . . Time . | . . . . Total Part Build Rating . | . . . . Part Studies Acquired . | . . . . Parts Repaired . | . . . . Time . | . . . . Parts Recycled . | . . . . Recycled Matter . | . . . . Retrieved Matter . | . . . . Retrieved Components . | . . . . Parts Scanalyzed . | . . . . Part Schematics Acquired . | . . . . Parts Damaged . | . . . . Bothacking | -11 -10 -10 -10 ------------ Run | Yrd Mat Min Sub Used RIF Installer . | . . . . Robots Hacked . | . . . . Non-combat . | . . . . Combat . | . . . . Robot Hacks Applied . | . . . . Relay Couplers Released . | . . . . Fabnet Peak Effective % . | . . . . Robots Rewired . | . . . . Allies Hacked . | . . . . Hacks Repelled . | . . . . Allies | -11 -10 -10 -10 -------- Run | Yrd Mat Min Sub Total Allies 5 | . . 5 . Largest Group 5 | . . 5 5 Highest-Rated Group 75 | . . 75 75 Highest-Rated Ally 31 | . . 31 31 Total Orders . | . . . . Ally Attacks 19 | . . 12 7 Total Damage 297 | . . 229 68 Kills 4 | . . 3 1 Allies Corrupted . | . . . . Allies Melted . | . . . . Intel | -11 -10 -10 -10 ------- Run | Yrd Mat Min Sub Active Infowar (turns) . | . . . . Robot Analysis Total . | . . . . Derelict Logs Recovered 1 | . . 1 . Drone Launches . | . . . . Drone Recoveries . | . . . . Exploration | -11 -10 -10 -10 ------------- Run | Yrd Mat Min Sub Turns Passed 2154 | 65 720 703 666 Spaces Moved 1614 | 49 500 526 539 Core 11 | 11 . . . Treads . | . . . . Legs 1603 | 38 500 526 539 Wheels . | . . . . Hover . | . . . . Flight . | . . . . Fastest Speed 50 | 50 120 120 120 Average Speed 119 | 112 120 120 120 Slowest Speed 150 | 150 120 120 120 Overloaded Moves . | . . . . Propulsion Burnouts . | . . . . Robots Hopped . | . . . . Potential Cave-ins . | . . . . Cave-ins Triggered . | . . . . Exploration Rate (%) 52 | 5 79 96 28 Regions Visited 3 Branch Regions 2 Pre-discovered Areas 1 | . . 1 . Known Exits Taken 1 | . 1 . . Unknown Exits Taken 2 | 1 . 1 . Scrap Searched 1 | . . 1 . Spaces Dug . | . . . . Terrain Destroyed 24 | . . . 24 Melee . | . . . . Projectile . | . . . . AOE 24 | . . . 24 Terrain Rammed . | . . . . Walls Destroyed . | . . . . Machines Disabled . | . . . . Actions | -11 -10 -10 -10 --------- Run | Yrd Mat Min Sub Total 1743 | 56 573 564 550 Wait 27 | . 21 6 . Move 1611 | 48 499 525 539 Hop . | . . . . Pick Up 24 | 2 14 6 2 Fast Attach 7 | 6 1 . . Attach 2 | . 1 1 . Detach . | . . . . Swap 6 | . 1 2 3 Drop 16 | . 8 6 2 Fire 48 | . 26 18 4 Melee . | . . . . Ram . | . . . . Kick 2 | . 2 . . Crush . | . . . . Escape Stasis . | . . . . Rewire . | . . . . Trap . | . . . . Miscellaneous . | . . . . Route ------- -11/Scrapyard -10/Materials (discovered 4 exits: [*Mat x2] / *Min x2) -10/Mines (discovered 2 exits: [*Mat] / *Sub) -10/Subcaves History --------- Turn | Location | Event 18 | -11/Scrapyard | Discovered new exit (range 15) 66 | -11/Scrapyard | Entered Materials 176 | -10/Materials | Discovered new exit (range 12) 176 | -10/Materials | Identified exit to Mines 301 | -10/Materials | Build established: Mutant 546 | -10/Materials | Discovered new exit (range 16) 640 | -10/Materials | Discovered new exit (range 11) 786 | -10/Materials | Entered Mines 800 | -10/Mines | Found a damaged Exp. Sensor Array with a note attached 803 | -10/Mines | Found Prototype Device 830 | -10/Mines | Met a Derelict bent on vengeance 872 | -10/Mines | Core integrity fell below 50% 967 | -10/Mines | Learned Materials emergency access door positions 1179 | -10/Mines | Discovered new exit (range 12) 1208 | -10/Mines | Learned location of Storage (-9) 1458 | -10/Mines | Assisted by bots powering up and referring to "LRC-V3" 1482 | -10/Mines | Discovered new exit (range 7) 1489 | -10/Mines | Entered Subcaves 1489 | -10/Subcaves | Accompanied by 5 allies 1494 | -10/Subcaves | Led the pair of lost Derelicts to an unsafe place 1546 | -10/Subcaves | Visited Clippyterm 1550 | -10/Subcaves | Learned Factory garrison access intel 1612 | -10/Subcaves | Ambushed by swarm of Subdwellers 1616 | -10/Subcaves | Core integrity fell below 20% 1655 | -10/Subcaves | Lost 5 allies 1668 | -10/Subcaves | A swath of the cavern ceiling suddenly collapsed 2130 | -10/Subcaves | A swath of the cavern ceiling suddenly collapsed 2155 | -10/Subcaves | Destroyed by HH-7NB(g) with Beamcaster Last Messages --------------- 01816_ System corrupted: Component data lost. 01833_ Acquired 36 matter. 01865_ QO1YZN 0:U5TKCIYP QEM|QT6PU0GLP4HPNH 01913_ System corrupted: Energy discharge (-140). 01948_ 2VD>XWP2W,&TWKR=NOIE4DSYFXSW&#W0>G #W 01978_ Acquired 9 matter. 01982_ Acquired 15 matter. 01997_ Acquired 11 matter. 02005_ X5-PTL(R) suffers critical hit (Burn). 02005_ X5-PTL(R) destroyed. 02010_ System corrupted: Heat flow error (+279). 02029_ Acquired 7 matter. 02031_ RR-DRD(O) collects matter. 02035_ System corrupted: Matter fused (-8). 02035_ RR-DRD(O) collects matter. 02043_ RR-DRD(O) puts together Sub. Optics. 02125_ System corrupted: Heat flow error (+147). A swath of the cavern ceiling suddenly collapses. Map ----- +----------------------------------------------------+ | ?????????????????????????????????????????????? "" | | ????????????????????????????????????????????????## | | ?????????????????????????????????????????????????? | | ?????????????????????????????????????????????????# | | ?????????????????????????????????????????????????# | | ?????????????????????????????????????????????????? | | ?????????????????????????????????????????????????? | | ?????????????????????????????????????????????????# | | ?????????????????????????????????????????????????# | | ?????????????????????????????????????????????????" | | ????????????????????????????????????????????????#" | | ????????????????????????????????????????????????## | | ?????????????????????????????????????????????????? | | ?????????????????????????????????????????????????? | | ??????????????????????????????????????????? ?????? | | ??????????????????????????????????????? ??? ?????? | | ??????????????????????????????????????? ?? ?????? | | ????????????????##????????????????????? ?? #????? | | ????????????????# ???????????????????? #? #????# | | ????????????????# ???????????????????? # ##??## | | ????????????????# ???###????????????? % #??# | | ??????????? ## #?## ####?#?###???? #??# | | ???????????? s s # ## ### ## ???? #??# | | ????????????? #;# ??? ???# | | ?????????????????? # #??# ???# | | ???????????????????????# @ g##?????###### #???# | | ??????????????????## ## ########"# # ##???# | | ???????????????# g g ####"##"#"##### | | ?????????????????# g " ##"### ### | | ?????????????????# ### #### # " | | ?????????????????##???##???###### # ### # | | ????????????????????????????????#### #?#### # # | | ???????????????????????????????????###????######## | | ?????????????????????????????????????????????????? | | ?????????????????????????????????????????????????? | | ?????????????????????????????????????????????????? | | ?????????????????????????????????????????????????? | | ?????????????????????????????????????????????????? | | ?????????????????????????????????????????????????? | | ?????????????????????????????????????????????????? | | ?????????????????????????????????????????????????? | | ?????????????????????????????????????????????????? | | ?????????????????????????????????????????????????? | | ?????????????????????????????????????????????????? | | ?????????????????????????????????????????????????? | | ?????????????????????????????????????????????????? | | ?????????????????????????????????????????????????? | | | | | | | +----------------------------------------------------+ Best States ------------- Heat Dissipation 25 Energy Generation 10 Energy Capacity 400 Matter Stores 300 Matter Capacity 300 Sight Range 16 Terrain Scan Density 10 Evasion (%) 55 Item Schematics ----------------- None Robot Schematics ------------------ None Fabricated ------------ Nothing Repaired ---------- Nothing Studied --------- None Alien Tech Used ----------------- None Achievements -------------- The More The Merrier Challenges ------------ None Game ------ Seed SupercompositePowerBuckler Manual? 0 Play Time 00:22:52 Cumulative 16.5 hours Start 2026.07.13 @ 08:03:30 End 2026.07.13 @ 08:34:26 Sessions 1 Manual Loads 0 Difficulty Rogue Special Mode None Game No. 19 Rogue 7 Adventurer 12 Explorer 0 Win Type - Total 0 Types 0/0/0/0/0/0/0/0/0/0 Lore% 8 Gallery% 17 Achievement% 15 Wizard Run 0 Options --------- Layout 1 ASCII 0 Keyboard 0 Movement Arrows Keybinds 0 Fullscreen 2 Font 32/Smallcaps Map View 50x35 Zoom Use 0% Tactical HUD 1 Map Filters NONE Filters NONE Steam 1 RUN: 6063d967-68e6-46ee-bf94-6b64d03eb7ef